 Dungeon Crawl Stone Soup version 0.30.1-4-g462c640d31 (webtiles) character file.

Game seed: 815840296798959611

529 H0rd4k the Charlatan (level 7, -1/46 HPs)
             Began as an Octopode Artificer on Sept 15, 2023.
             Slain by a black bear (2 damage)
             ... on level 6 of the Dungeon.
             The game lasted 00:02:42 (3383 turns).

H0rd4k the Charlatan (Octopode Artificer)           Turns: 3383, Time: 00:02:43

Health: -1/46      AC:  1    Str: 11    XL:     7   Next: 23%
Magic:  7/7        EV: 14    Int: 16    God:
Gold:   260        SH:  0    Dex: 12    Spells: 6/6 levels left

rFire   . . .        g - +2 dagger (venom)
rCold   . . .        (no shield)
rNeg    . . .        (helmet restricted)
rPois   .            (no amulet)
rElec   .            (no ring)
rCorr   .            (no ring)
SInv    .            (no ring)
Will    .....        (no ring)
Stlth   +++          (no ring)
HPRegen 0.27/turn    (no ring)
MPRegen 0.10/turn    (no ring)
                     (no ring)

%: no passive effects
@: no status effects
A: almost no armour, amphibious, 8 rings, camouflage 1, gelatinous body 1,
(nimble swimmer 1), tentacles
a: no special abilities


You were on level 6 of the Dungeon.
You visited 1 branch of the dungeon, and saw 6 of its levels.

You collected 260 gold pieces.

Inventory:

Hand Weapons
 g - a +2 dagger of venom (weapon)
Jewellery
 e - a +4 ring of protection
Wands
 b - a wand of flame (15) (quivered)
 c - a wand of charming (15)
 d - a wand of iceblast (4)
 r - a wand of paralysis (5)
Scrolls
 f - 2 scrolls of teleportation {unknown}
 h - a scroll of immolation {unknown}
 i - a scroll of vulnerability {unknown}
 j - a scroll of brand weapon {unknown}
 k - a scroll of amnesia {unknown}
 m - 2 scrolls of identify {unknown}
 n - a scroll of enchant weapon {unknown}
 o - a scroll of magic mapping {unknown}
 t - a scroll of fog {unknown}
Potions
 a - a potion of curing {unknown}
 l - a potion of cancellation {unknown}
 p - 2 potions of attraction {unknown}
 q - 2 potions of heal wounds {unknown}
 s - a potion of mutation {unknown}
 u - 2 potions of berserk rage {unknown}


   Skills:
 + Level 3.0 Fighting
 + Level 4.0 Short Blades
 + Level 4.3 Dodging
 - Level 1.3 Stealth
 + Level 1.3 Unarmed Combat
 + Level 4.9 Evocations


You had 6 spell levels left.
You didn't know any spells.
Your spell library contained the following spells:

 Spells                   Type           Power      Damage    Failure   Level
 Beastly Appendage        Tmut           0%         N/A       26%         1
 Magic Dart               Conj           0%         1d3       26%         1
 Shock                    Conj/Air       0%         1d3       26%         1
 Searing Ray              Conj           0%         2d4       36%         2
 Wereblood                Tmut           0%         N/A       36%         2
 Spider Form              Tmut/Pois      0%         N/A       58%         3
 Swiftness                Air            0%         N/A       58%         3
 Tukima's Dance           Hex            0%         N/A       58%         3
 Airstrike                Air            0%         2d(0-16)  94%         4
 Fulminant Prism          Conj/Hex       0%         3d5       94%         4
 Passage of Golubria      Tloc           0%         N/A       94%         4
 Yara's Violent Unravell  Hex/Tmut       0%         3d3       100%        5


Dungeon Overview and Level Annotations

Branches:
Dungeon (6/15)
 Temple: D:4-7

Altars:
Qazlal

Shops:
D:2 *   D:4 *   D:5 *

Annotations:
D:6 exclusion: upstairs


Innate Abilities, Weirdness & Mutations

You cannot wear most types of armour.
You are amphibious.
You can wear up to eight rings at the same time.
Your skin changes colour to match your surroundings (Stealth+).
Your rubbery body absorbs attacks. (AC +1, EV +1)
((You are camouflaged when in or above water. (Stealth+)))
You have tentacles for arms and can constrict up to eight enemies at once.


Message History

You are more poisoned.
Your Fighting skill increases to level 3!
Your Short Blades skill increases to level 4!
You feel very sick.
You hit the kobold but do no damage.
The kobold is poisoned.
You grab the kobold. You constrict the kobold.
You feel sick. The kobold barely misses you.
You barely miss the kobold.
The kobold is heavily wounded.
You constrict the kobold.
You feel sick. The kobold hits you with a +0 club.
You hit the kobold.
You kill the kobold!
You feel sick.
The kobold throws a stone.
The stone misses you.
You feel sick.
The kobold throws a stone.
The stone barely misses you.
You feel sick. The kobold hits you with a +0 dagger.
Items here: (( ))) †.
You hit the kobold.
The kobold is poisoned.
You grab the kobold.
You tentacle-slap the kobold, but do no damage.
You squeeze the kobold, but do no damage.
The kobold is moderately wounded.
You constrict the kobold. You hit the kobold but do no damage.
The kobold looks as sick as possible!
You squeeze the kobold.
You kill the kobold!
You feel sick.
You hit the black bear. Your grab misses the black bear.
The black bear is lightly wounded.
You feel sick. The black bear closely misses you. The black bear claws you.
* * * LOW HITPOINT WARNING * * *
The black bear claws you.
* * * LOW HITPOINT WARNING * * *
You hit the black bear but do no damage.
The black bear is poisoned.
Your grab misses the black bear.
The black bear is lightly wounded.
You feel sick.
You are no longer poisoned.
The black bear bites you!
* * * LOW HITPOINT WARNING * * *
The black bear barely misses you. The black bear claws you.
You die...

#############
#######?...
#....<......###.......#
#.#########......>)...#
#)# #####.#....K... #.#
#.#.##..... #.#
####.#.# ##.# #<#
#...K..# . #.# #.##h###
#.# # #@# #.# #.# #.#
#.# #.# #.# #.# #.# #.#
#.# #.# #.. ###


You could see a black bear (poisoned) and a kobold.

Vanquished Creatures
  An ogre (D:6)
  A kobold brigand (D:6)
  A scorpion (D:4)
  A hound (D:5)
  An iguana (D:4)
  Ijyb (D:4)
  Robin (D:4)
  3 gnolls (D:2)
  7 adders
  A white imp (D:5)
  3 worms
  2 dart slugs
  9 orcs
  4 bats
  7 endoplasms
  6 giant cockroaches
  11 goblins
  10 hobgoblins
  4 quokkas
  6 ball pythons
  8 frilled lizards
  10 kobolds
  8 rats
106 creatures vanquished.

Notes
Turn   | Place    | Note
-------+----------+-------------------------------------------
     0 | D:1      | H0rd4k the Octopode Artificer began the quest for the Orb.
     0 | D:1      | Reached XP level 1. HP: 13/13 MP: 1/1
   137 | D:1      | Reached XP level 2. HP: 18/18 MP: 2/2
   490 | D:2      | Reached XP level 3. HP: 19/23 MP: 3/3
   616 | D:2      | Reached XP level 4. HP: 12/28 MP: 4/4
   692 | D:2      | Found Xaofou's General Store.
   744 | D:2      | Reached skill level 1 in Short Blades
  1293 | D:3      | Found a stormy altar of Qazlal.
  1379 | D:3      | Reached XP level 5. HP: 33/33 MP: 5/5
  2097 | D:4      | Reached skill level 1 in Unarmed Combat
  2312 | D:4      | Found Lij Yhitt's Assorted Antiques.
  2320 | D:4      | Reached XP level 6. HP: 39/39 MP: 6/6
  2481 | D:4      | Noticed Robin
  2523 | D:4      | Killed Robin
  2779 | D:4      | Noticed Ijyb
  2784 | D:4      | Killed Ijyb
  3161 | D:5      | Entered Level 5 of the Dungeon
  3175 | D:5      | Found Yrphu's General Store.
  3309 | D:5      | Noticed a black bear
  3328 | D:6      | Reached XP level 7. HP: 44/45 MP: 7/7
  3383 | D:6      | HP: 1/46 [black bear (7)]
  3383 | D:6      | Slain by a black bear

Illustrated notes

Levels and vault maps discovered:
D:1:      lemuel_arrival_river_bridge, layout_rooms
D:2:      layout_basic, serial_shops, shop, minmay_worlds_worst_comb
D:3:      layout_basic, nicolae_qazlal_general_emergency, chequers_garden,
          kennysheep_generic_room_4
D:4:      layout_loops_ring, serial_shops, shop, uniq_robin, uniq_ijyb
D:5:      layout_cave_pools, nicolae_overflow_crystal_walls, serial_shops, shop,
          minmay_statues_item
D:6:      layout_loops_ring, minmay_temple_entry_proselytizer

Skill      XL: |  1  2  3  4  5  6  7 |
---------------+----------------------+-----
Evocations     | 4 |  4.9
Dodging        | 3 4 |  4.3
Short Blades   | 1 2 3 4 |  4.0
Unarmed Combat | 1 |  1.3
Fighting       | 2 3 |  3.0
Stealth        | |  1.3

Action                     |  1- 3 |  4- 6 |  7- 9 || total
---------------------------+-------+-------+-------++-------
  Melee: Unarmed           |    12 |       |       ||    12
         Constrict         |    12 |    43 |     5 ||    60
         Tentacles         |     7 |    27 |     3 ||    37
         Dagger            |    42 |   145 |    16 ||   203
         Punch             |     1 |     2 |     2 ||     5
  Evoke: Wand              |       |     1 |       ||     1
   Stab: Sleeping          |     5 |    17 |       ||    22
 Armour: Skin              |     2 |    11 |       ||    13
  Dodge: Dodged            |    35 |    67 |    13 ||   115
